 Dungeon Crawl Stone Soup version 0.26-a0-1164-g1a551d6a14 (webtiles) character file.

Game seed: 12970860735231044688

601212 dolemite99 the Wrestler (level 26, -11/267 (352) HPs)
             Began as a Troll Transmuter on Dec 22, 2020.
             Was the Champion of Nemelex Xobeh.
             Killed from afar by an ancient lich (51 damage)
             ... with a bolt of negative energy
             ... on level 5 of the Realm of Zot on Dec 23, 2020.
             The game lasted 03:07:21 (90412 turns).

dolemite99 the Wrestler (Troll Transmuter)         Turns: 90412, Time: 03:07:22

HP:   -11/267 (352) AC: 29    Str: 22    XL:     26   Next: 49%
MP:   30/30         EV:  2    Int: 16    God:    Nemelex Xobeh [******]
Gold: 723           SH:  0    Dex: 16    Spells: 23/41 levels left

rFire    + + .     SeeInvis +     - Unarmed
rCold    + + .     Faith    +   W - +1 tower shield
rNeg     . . .     Spirit   .   I - +9 scales of the Dragon King {rPois rF+ rC+ Will+}
rPois    +         Reflect  .   C - +0 mask of the Dragon {Will+ Slay+3 SInv}
rElec    +         Harm     .   Z - +2 cloak
rCorr    .         Rampage  .   (gloves unavailable)
Will     ++++.                  (boots unavailable)
Stlth    ..........             q - amulet of faith
HPRegen  0.94/turn              d - ring "Netziz" {rElec rC+ Str-2 Dex+6 Slay+6}
MPRegen  0.22/turn              e - ring of protection from fire

@: berserking, held, hasted, heavily drained, very quick
A: large, unfitting armour, claws 3, horns 1, large bone plates 1, deformed
body, frail 1, low mp 1, strong-willed 1, mutation resistance 1, regeneration 1,
screaming 1, shaggy fur 1, tough skin 3, weak 1, subdued magic 1
}: 3/15 runes: barnacled, slimy, gossamer
a: Renounce Religion, Draw Escape, Draw Destruction, Draw Summoning, Triple
Draw, Deal Four, Stack Five


You were on level 5 of the Realm of Zot.
You worshipped Nemelex Xobeh.
Nemelex Xobeh was exalted by your worship.
You visited 12 branches of the dungeon, and saw 55 of its levels.
You visited 2 bazaars.
You also visited: Sewer and Ice Cave.

You collected 6764 gold pieces.
You spent 6041 gold pieces at shops.

Inventory:

Missiles
 D - 79 large rocks (quivered)
 P - 50 javelins
Armour
 C - the +0 mask of the Dragon (worn) {Will+ Slay+3 SInv}
   (You found it in an ice cave)

   It affects your accuracy and damage with ranged weapons and melee attacks
   (+3).
   It affects your willpower, your defense against some magical effects.
   It lets you see invisible.
 I - the +9 scales of the Dragon King (worn) {rPois rF+ rC+ Will+}
   (You found it on level 4 of the Lair of Beasts)

   It protects you from fire.
   It protects you from cold.
   It protects you from poison.
   It affects your willpower, your defense against some magical effects.
 W - a +1 tower shield (worn)
 Z - a +2 cloak (worn)
Jewellery
 d - the ring "Netziz" (left claw) {rElec rC+ Str-2 Dex+6 Slay+6}
   (You found it on level 4 of the Shoals)

   [ring of dexterity]

   It affects your strength (-2).
   It affects your dexterity (+6).
   It affects your accuracy and damage with ranged weapons and melee attacks
   (+6).
   It protects you from cold.
   It insulates you from electricity.
 e - a ring of protection from fire (right claw)
 h - an uncursed ring of protection from cold
 j - an uncursed ring of resist corrosion
 q - an amulet of faith (around neck)
 y - a +6 ring of strength
 G - the ring of Veffaoduu {rF- Slay+5 SInv}
   (You took it off a deep elf mage on level 3 of the Elven Halls)

   [ring of see invisible]

   It affects your accuracy and damage with ranged weapons and melee attacks
   (+5).
   It makes you vulnerable to fire.
   It lets you see invisible.
 Q - an uncursed ring of see invisible
 R - an uncursed ring of positive energy
 T - a +6 ring of strength
Wands
 l - a wand of random effects (59)
 r - a wand of digging (32)
 F - a wand of polymorph (16)
 J - a wand of paralysis (31)
 M - a wand of disintegration (22)
 N - a wand of enslavement (34)
Scrolls
 a - 5 scrolls of holy word
 i - 2 scrolls of silence
 n - a scroll of blinking
 x - 3 scrolls of magic mapping
 z - a scroll of brand weapon
 A - 16 scrolls of teleportation
 B - 24 scrolls of remove curse {@r2}
 E - a scroll of fear
 L - 3 scrolls of fog
 S - 12 scrolls of identify {@r1}
 V - 2 scrolls of immolation
Potions
 b - 16 potions of curing
 c - 7 potions of mutation
 o - 3 potions of haste
 p - 6 potions of flight
 s - 7 potions of might
 u - 8 potions of brilliance
 v - a potion of ambrosia
 w - 3 potions of cancellation
 H - 7 potions of berserk rage
 K - 4 potions of resistance
 U - a potion of invisibility
 X - 4 potions of magic
Miscellaneous
 f - a box of beasts (inert)
 g - a lightning rod (4/4)
 k - a phantom mirror
 m - a phial of floods (inert)
 t - a tin of tremorstones (2/2)
 Y - a condenser vane


   Skills:
 + Level 15.6 Fighting
 - Level 12.0 Throwing
 - Level 12.0 Armour
 - Level 2.6 Dodging
 - Level 12.0 Shields
 - Level 21.4 Unarmed Combat
 - Level 8.0 Spellcasting
 - Level 10.9 Summonings
 - Level 11.0 Necromancy
 - Level 9.0 Translocations
 - Level 4.6 Transmutations
 - Level 8.2 Ice Magic
 - Level 14.6 Invocations
 - Level 11.3 Evocations


You had 23 spell levels left.
You knew the following spells:

 Your Spells              Type           Power        Failure   Level
a - Apportation           Tloc           54%          24%         1
b - Call Imp              Summ           31%          17%         2
c - Swiftness             Air            4%           100%        2
d - Ice Form              Ice/Tmut       20%          100%        4
e - Wereblood             Tmut           16%          94%         2
f - Blink                 Tloc           N/A          36%         2
g - Beastly Appendage     Tmut           32%          85%         1
h - Passwall              Tmut/Erth      8%           100%        2
i - Corona                Hex            4%           100%        1
s - Animate Skeleton      Necr           64%          11%         1

Your spell library contained the following spells:

 Spells                   Type           Power        Failure   Level
 Pain                     Necr           100%         11%         1
 Summon Small Mammal      Summ           100%         11%         1
 Sublimation of Blood     Necr           16%          16%         2
 Call Canine Familiar     Summ           31%          32%         3
 Vampiric Draining        Necr           16%          32%         3
 Lesser Beckoning         Tloc           13%          61%         3
 Animate Dead             Necr           16%          73%         4
 Dispel Undead            Necr           32%          73%         4
 Corpse Rot               Necr/Air       N/A          86%         2
 Summon Ice Beast         Ice/Summ       28%          91%         4
 Passage of Golubria      Tloc           N/A          95%         4
 Ensorcelled Hibernation  Hex/Ice        30%          96%         2
 Agony                    Necr           32%          97%         5
 Excruciating Wounds      Necr           16%          97%         5
 Summon Guardian Golem    Hex/Summ       18%          98%         3
 Summon Demon             Summ           15%          98%         5
 Sting                    Tmut/Pois      40%          99%         1
 Summon Forest            Summ/Tloc      14%          99%         5
 Foxfire                  Conj/Fire      16%          100%        1
 Magic Dart               Conj           16%          100%        1
 Sandblast                Erth           8%           100%        1
 Shock                    Conj/Air       16%          100%        1
 Poisonous Vapours        Pois/Air       8%           100%        2
 Searing Ray              Conj           8%           100%        2
 Slow                     Hex            4%           100%        2
 Confusing Touch          Hex            4%           100%        3
 Conjure Flame            Conj/Fire      4%           100%        3
 Dazzling Flash           Conj/Hex       8%           100%        3
 Ignite Poison            Fire/Tmut/Pois 8%           100%        3
 Inner Flame              Hex/Fire       4%           100%        3
 Mephitic Cloud           Conj/Pois/Air  4%           100%        3
 Spider Form              Tmut/Pois      5%           100%        3
 Static Discharge         Conj/Air       4%           100%        3
 Stone Arrow              Conj/Erth      8%           100%        3
 Tukima's Dance           Hex            4%           100%        3
 Airstrike                Air            2%           100%        4
 Cause Fear               Hex            2%           100%        4
 Fulminant Prism          Conj/Hex       2%           100%        4
 Iskenderun's Mystic Bla  Conj/Tloc      16%          100%        4
 Leda's Liquefaction      Hex/Erth       2%           100%        4
 Olgreb's Toxic Radiance  Pois           4%           100%        4
 Petrify                  Tmut/Erth      10%          100%        4
 Summon Lightning Spire   Summ/Air       18%          100%        4
 Alistair's Intoxication  Tmut/Pois      6%           100%        5
 Blade Hands              Tmut           8%           100%        5
 Bolt of Magma            Conj/Fire/Erth 2%           100%        5
 Borgnjor's Vile Clutch   Necr/Erth      9%           100%        5
 Irradiate                Conj/Tmut      5%           100%        5
 Iskenderun's Battlesphe  Conj           4%           100%        5
 Lee's Rapid Deconstruct  Erth           2%           100%        5
 Lightning Bolt           Conj/Air       2%           100%        5
 Metabolic Englaciation   Hex/Ice        7%           100%        5
 Silence                  Hex/Air        2%           100%        5
 Summon Mana Viper        Hex/Summ       18%          100%        5
 Yara's Violent Unravell  Hex/Tmut       5%           100%        5
 Conjure Ball Lightning   Conj/Air       2%           100%        6
 Death Channel            Necr           16%          100%        6
 Eringya's Noxious Bog    Tmut/Pois      5%           100%        6
 Freezing Cloud           Conj/Ice/Air   5%           100%        6
 Hydra Form               Tmut           8%           100%        6
 Invisibility             Hex            4%           100%        6
 Iron Shot                Conj/Erth      2%           100%        6
 Ozocubu's Refrigeration  Ice            12%          100%        6
 Shadow Creatures         Summ           N/A          100%        6
 Simulacrum               Ice/Necr       14%          100%        6
 Statue Form              Tmut/Erth      6%           100%        6
 Dragon Form              Tmut           8%           100%        7
 Malign Gateway           Summ/Tloc      14%          100%        7
 Orb of Destruction       Conj           2%           100%        7
 Spellforged Servitor     Conj/Summ      9%           100%        7
 Summon Hydra             Summ           15%          100%        7
 Chain Lightning          Conj/Air       2%           100%        8
 Discord                  Hex            2%           100%        8
 Ignition                 Fire           2%           100%        8
 Lehudib's Crystal Spear  Conj/Erth      2%           100%        8
 Absolute Zero            Ice            12%          100%        9
 Dragon's Call            Summ           15%          100%        9
 Fire Storm               Conj/Fire      2%           100%        9
 Shatter                  Erth           2%           100%        9
 Tornado                  Air            2%           100%        9


Dungeon Overview and Level Annotations

Branches:
Dungeon (15/15)            Temple (1/1) D:4            Lair (6/6) D:8
 Shoals (4/4) Lair:4       Spider (4/4) Lair:3        Slime (5/5) Lair:5
    Orc (2/2) D:9             Elf (3/3) Orc:2        Vaults (4/5) D:13
  Crypt (0/3) Vaults:2     Depths (5/5) D:15           Hell (visited)
    Zot (5/5) Depths:5      Sewer (visited)           IceCv (visited)
    Dis: Hell:1         Geh: Hell:1         Coc: Hell:1         Tar: Hell:1

Altars:
Ashenzari
Cheibriados
Dithmenos
Elyvilon
Fedhas
Gozag
Hepliaklqana
Kikubaaqudgha
Makhleb
Nemelex Xobeh
Okawaru
Qazlal
Ru
Sif Muna
Trog
Uskayaw
Vehumet
Wu Jian
Xom
Yredelemnul
Zin
The Shining One
Jiyva

Shops:
D:10 *   Orc:2 [:*(   Vaults:1 (*:!*   Depths:1 *?!(   Depths:5 =}=

Portals:
Hell: Depths:1 Depths:2 Depths:3 Depths:4 Depths:5
Abyss: Depths:2 Depths:4 Depths:5
Pandemonium: Depths:3
Ziggurat: Depths:1

Annotations:
D:9 exclusion: oklob sapling
Lair:6 exclusion: 3 oklob plants
Shoals:4 1 runed translucent door, sahdkjhfkaj's ghost, adept DrMo
Vaults:2 36 runed doors
Depths:2 2 transporters, Latzuirhuv's ghost, adept HaHu
Depths:3 1 exclusion
Hell Geryon; Murray


Innate Abilities, Weirdness & Mutations

You are too large for most types of armour.
You have claws for hands.
Your natural rate of healing is unusually fast.
You are covered in fur. (AC +1)
You have extremely tough skin. (AC +3)
You have a pair of small horns on your head.
You are partially covered in large bone plates. (SH +4)
Armour fits poorly on your strangely shaped body.
You are frail. (-10% HP)
Your magical capacity is low. (-10% MP)
You are strong-willed. (Will+)
You are somewhat resistant to further mutation.
You occasionally shout uncontrollably at your foes.
You are weak. (Str -2)
Your spells are a little easier to cast, but a little less powerful.


Message History

You rip the net and break free!
The ancient lich casts a spell at you. The bolt of negative energy hits you!!!
You feel drained.
* * * LOW HITPOINT WARNING * * *
You mangle the ancient lich!!
You headbutt the ancient lich, but do no damage.
The ancient lich is heavily damaged.
You draw a card...
You have drawn Velocity.
The tentacled monstrosity seems to slow down.
You block the ancient lich's attack.
You feel better.
The ancient lich points at you and mumbles some strange words.
You block the poison arrow. The freezing wraith drops a net on you.
A large net falls onto you!
You become entangled in the net!
A red film seems to cover your vision as you go berserk!
You feel yourself moving faster!
You feel mighty!
The ancient lich points at you and mumbles some strange words.
The bolt of negative energy hits you!!!
You feel drained.
You die...
Your body glows with a rainbow of weird colours and disappears.

#...# ##.# #. ********
▓########.######## ▓▓ ,,,,,,,**
#...............# * ,,,,,,,,**
##...^.........## ** ,,,,,,,,,**
#.^^..........# **, ..........#
##§§.........## #.. .....8....#
#§§.§.......# #^. ..........#
#####........## #.. ..........#
#XL@#.........# #.. ..........#
##W###.........## #..
......^...###.§.............###..
.....^..^###...###########...###(
........##....## ##....##
......^.....### ###....
#▓▓▓▓▓▓▓▓▓▓▓# #▓▓▓▓ ,,,,,,,,****
**** ,,,,,,,,,,,*** ***,,,


You could see a tentacled monstrosity (slow), an ancient lich (fast) and a
freezing wraith (summoned).

Vanquished Creatures
  the Royal Jelly (Slime:5)
  6 orbs of fire
  An ancient lich (Zot:5)
  Sojobo (Vaults:3)
  Boris (thrice) (Vaults:3 Depths:1 Depths:4)
  4 Killer Klowns (Zot:1)
  Margery (Depths:5)
  Bai Suzhen (Vaults:4)
  4 golden dragons
  Arachne (Spider:2)
  the Enchantress (Depths:5)
  2 bone dragons (Depths:5)
  3 electric golems
  A hellephant (Zot:1)
  14 tentacled monstrosities
  An Ice Fiend (IceCv)
  Rupert (D:14)
  Asterion (Elf:3)
  9 Orb Guardians
  A lich (Vaults:3)
  2 deep elf blademasters (Elf:3)
  4 death cobs
  13 acid blobs
  A deep elf master archer (Elf:3)
  7 quicksilver dragons
  4 sphinxes
  4 draconian monks
  11 storm dragons
  Kirke (D:13)
  8 shadow dragons
  4 tengu reavers
  Ilsuiw (Shoals:2)
  11 azure jellies
  5 ghost moths
  8 fire giants
  5 draconian shifters
  10 vault wardens
  6 draconian scorchers
  5 deep elf sorcerers (Elf:3)
  A draconian stormcaller (Zot:1)
  3 frost giants
  4 deep elf elementalists (Elf:3)
  6 draconian knights
  2 emperor scorpions
  Louise (Spider:3)
  An iron dragon (Depths:2)
  A juggernaut zombie (D:15)
  An angel (Depths:1)
  12 ironheart preservers
  2 vampire knights
  12 very ugly things
  16 stone giants
  5 spriggan defenders
  4 deep elf demonologists
  3 war gargoyles
  6 draconian annihilators
  Nessos (D:13)
  7 yellow draconians
  5 green draconians
  8 black draconians
  6 purple draconians
  6 entropy weavers
  A minotaur (Shoals:1)
  2 dire elephants (Zot:1)
  11 spark wasps
  9 deep elf annihilators
  6 red draconians
  11 white draconians
  8 merfolk impalers
  12 ettins
  A green death (Hell)
  Snorg (D:14)
  7 death oozes
  3 merfolk javelineers
  7 fire dragons
  7 deep elf death magi
  8 yaktaur captains
  3 jiangshi (Depths:1)
  13 ogre magi
  7 great orbs of eyes
  2 mummy priests
  8 deep elf high priests
  Josephine (Spider:1)
  3 hydras
  10 boulder beetles
  7 ice dragons
  2 rakshasas
  A boulder beetle (shapeshifter) (Depths:3)
  14 vault guards
  2 spriggan air magi
  7 centaur warriors
  A merfolk avatar (Shoals:4)
  8 death scarabs (Spider:4)
  2 death knights
  A death yak (Lair:4)
  4 merfolk aquamancers
  A hell hog (Depths:3)
  44 two-headed ogres
  8 deep troll earth magi
  3 satyrs
  10 deep troll shamans
  A catoblepas (Lair:4)
  A titan zombie (D:15)
  4 vampire magi
  16 dancing weapons
  4 tengu warriors
  3 orc high priests
  5 spriggan berserkers
  12 deep elf knights
  2 iron golems (Depths:3)
  2 soul eaters (Depths:3)
  2 sun demons
  A spectral emperor scorpion (Spider:4)
  9 hell knights
  A salamander mystic (Depths:3)
  17 skeletal warriors
  5 wizards
  An unseen horror (D:13)
  6 iron trolls
  A flayed ghost (Vaults:4)
  27 deep trolls
  A death drake (Spider:4)
  3 glowing orange brains
  2 phantasmal warriors
  An unseen horror (shapeshifter) (Depths:2)
  2 spectral wolf spiders (Spider:4)
  26 harpies
  7 sea snakes
  19 deep elf archers
  A glowing orange brain (shapeshifter) (Vaults:2)
  9 ironbrand convokers
  7 necromancers
  An orb spider (shapeshifter) (Elf:3)
  A wolf spider (shapeshifter) (Depths:4)
  A wolf spider zombie (Spider:4)
  8 orc knights
  9 orb spiders
  43 deep elf magi
  5 large abominations (Elf:1)
  26 ugly things
  4 shining eyes
  17 fauns
  19 cyclopes
  2 salamanders (Depths:3)
  An ice statue (IceCv)
  3 orc sorcerers
  16 elephants
  30 wolf spiders
  9 merfolk sirens
  13 manticores
  19 moths of wrath
  A guardian serpent (Lair:6)
  7 rust devils (Depths:3)
  9 black mambas
  9 vault sentinels
  A black mamba (shapeshifter) (D:14)
  3 centaur zombies
  8 water nymphs
  Joseph (D:9)
  An eye of devastation (Slime:1)
  2 gargoyles
  20 cane toads
  A torpor snail (Spider:1)
  A cane toad (shapeshifter) (Vaults:4)
  Psyche (D:11)
  3 kobold demonologists
  A hellion (Depths:3)
  13 demonic crawlers
  5 redback zombies
  A rime drake (shapeshifter) (Vaults:1)
  2 small abominations (Elf:3)
  9 ice devils
  A rime drake (Lair:4)
  A spriggan skeleton (D:15)
  10 freezing wraiths
  2 spectral redbacks (Spider:4)
  4 komodo dragons
  A komodo dragon (shapeshifter) (Vaults:1)
  31 yaktaurs
  4 anaconda simulacra (IceCv)
  A golden dragon simulacrum (IceCv)
  A red devil (Depths:3)
  A troll (shapeshifter) (D:14)
  A meliai (shapeshifter) (Depths:5)
  2 tengu conjurers
  29 jumping spiders
  9 meliai
  26 merfolk
  A polar bear (shapeshifter) (D:13)
  A troll (D:9)
  3 polar bears (Lair:5)
  4 spectral tarantellas (Spider:4)
  A hydra zombie (Hell)
  8 hornets
  5 wind drakes
  3 spectral jumping spiders (Spider:4)
  12 dream sheep
  A jumping spider zombie (Spider:4)
  21 blink frogs
  55 slime creatures
  2 raiju (shapeshifter)
  3 tarantella zombies (Spider:4)
  A fire dragon zombie (D:15)
  Grinder (D:6)
  16 snapping turtles
  3 centaur simulacra
  Sigmund (D:5)
  10 water elementals
  An ettin skeleton (Vaults:2)
  4 shadows
  5 air elementals
  7 wraiths
  9 spriggans
  21 tarantellas
  2 dire elephant simulacra (IceCv)
  6 humans (Zot:1)
  84 redbacks
  11 wyverns
  A fire bat (Depths:3)
  A human (shapeshifter) (Vaults:1)
  4 golden eyes
  2 golden eyes (shapeshifter)
  3 fire elementals
  A hog (shapeshifter) (Vaults:2)
  5 basilisks
  A steam dragon (shapeshifter) (Vaults:1)
  Eustachio (D:5)
  5 vampire mosquitoes
  A death yak simulacrum (IceCv)
  38 yaks
  7 wargs
  5 harpy simulacra
  A two-headed ogre zombie (D:9)
  3 hydra simulacra (IceCv)
  An iron troll simulacrum (IceCv)
  21 water moccasins
  9 hell hounds (Depths:1)
  A soldier ant (D:11)
  Duvessa (D:5)
  2 acid dragons (D:15)
  2 deep troll skeletons (Vaults:2)
  A floating eye (shapeshifter) (Vaults:1)
  2 spectral hornets (Spider:4)
  31 orc warriors
  A swamp drake (Lair:2)
  3 black bears (Lair:3)
  5 eyes of draining
  4 sky beasts
  10 boggarts
  2 ice beasts
  30 ogres
  3 phantoms
  An eye of draining (shapeshifter) (D:14)
  A necrophage (D:10)
  A tengu (shapeshifter) (Depths:4)
  3 wolves (Lair:4)
  A hornet zombie (D:15)
  15 centaurs
  7 human skeletons (Vaults:2)
  An elf skeleton (Vaults:2)
  3 elf zombies (Elf:1)
  11 big kobolds
  2 earth elementals
  24 bullfrogs
  A gnoll sergeant (D:7)
  Dowan (D:5)
  4 scorpions
  2 troll zombies (D:9)
  10 killer bees
  2 swamp dragon simulacra (IceCv)
  14 wights
  17 electric eels
  3 howler monkeys
  A crimson imp (Depths:3)
  4 draconian simulacra (IceCv)
  2 bullfrog zombies
  A quasit (D:9)
  24 orc priests
  8 hounds
  3 jellies
  A bullfrog skeleton (D:4)
  29 orc wizards
  7 centaur skeletons
  3 iguanas
  14 worker ants
  A spriggan simulacrum (IceCv)
  7 troll simulacra (IceCv)
  A polar bear simulacrum (IceCv)
  A wolf simulacrum (IceCv)
  5 ogre zombies (D:9)
  A worker ant zombie (D:6)
  10 gnolls
  2 river rats
  23 adders
  A naga simulacrum (IceCv)
  4 shadow imps
  10 white imps
  8 ufetubi
  2 oozes (Sewer)
  An adder zombie (D:9)
  3 adder skeletons
  7 worms
  A dart slug (D:5)
  4 leopard geckos
  100 orcs
  10 ball pythons
  5 giant cockroaches
  10 goblins
  2 hobgoblins
  8 jackals
  6 quokkas
  5 bats
  2 frilled lizards (D:1)
  A goblin skeleton (D:9)
  A goblin zombie (D:9)
  A hobgoblin skeleton (D:9)
  8 hobgoblin zombies (D:9)
  22 kobolds
  A leopard gecko skeleton (D:8)
  2 orc skeletons
  13 orc zombies (D:9)
  A quokka skeleton (D:6)
  6 rats
  2 crawling corpses (Vaults:3)
2213 creatures vanquished.

Vanquished Creatures (collateral kills)
  Frederick (Vaults:3)
  A curse toe (Zot:2)
  A deep elf sorcerer (Elf:3)
  A draconian scorcher (Zot:2)
  An azure jelly (Slime:2)
  A ghost moth (Spider:4)
  A frost giant (Vaults:4)
  A draconian knight (Zot:2)
  2 vault wardens (Vaults:3)
  2 emperor scorpions (Spider:4)
  A draconian annihilator (Zot:2)
  An ironheart preserver (Vaults:1)
  A deep elf demonologist (Elf:3)
  An entropy weaver (Spider:1)
  5 purple draconians
  2 ettins (Orc:2)
  A spark wasp (Spider:4)
  4 merfolk impalers
  A yaktaur captain (Depths:3)
  A fire dragon (D:15)
  A deep elf high priest (Elf:3)
  A hydra (D:14)
  A boulder beetle (D:14)
  A centaur warrior (D:14)
  11 two-headed ogres
  A death knight (D:11)
  6 dancing weapons (Elf:2)
  3 deep troll earth magi (Depths:3)
  7 deep troll shamans
  A vampire mage (Depths:3)
  A tengu warrior (D:15)
  3 ogre magi
  4 hell hogs (Hell)
  5 deep elf knights
  A large abomination (Elf:3)
  An unseen horror (D:14)
  A sea snake (Shoals:4)
  11 deep trolls
  A glowing orange brain (Slime:5)
  4 harpies (Shoals:4)
  A phantasmal warrior (D:11)
  An orb spider (Spider:4)
  3 ironbrand convokers
  A necromancer (Hell)
  2 wolf spiders (Spider:2)
  4 ugly things (Depths:3)
  4 deep elf magi (Elf:2)
  A moth of wrath (Zot:2)
  2 slime creatures (D:15)
  A manticore (D:14)
  7 cyclopes
  A torpor snail (Shoals:3)
  4 yaktaurs
  A freezing wraith (D:11)
  An ice devil (Hell)
  2 redback zombies (Spider:4)
  A kobold demonologist (D:15)
  3 polar bears (Lair:3)
  A tengu conjurer (Depths:2)
  A merfolk (Shoals:1)
  A troll (D:14)
  2 meliai (Spider:1)
  4 jumping spiders
  A spectral tarantella (Spider:4)
  A hornet (Spider:4)
  A blink frog (Lair:3)
  A centaur simulacrum (D:14)
  A wyvern (D:14)
  5 redbacks
  2 tarantellas (Spider:4)
  3 water elementals
  3 fire bats (Depths:3)
  A vampire (D:14)
  5 wraiths
  8 yaks
  A vampire mosquito (D:14)
  Grum (D:9)
  A soldier ant (D:15)
  A spectral hornet (Spider:4)
  2 orc warriors
  A black bear (Lair:3)
  9 ogres
  A boggart (Depths:5)
  A sky beast (D:9)
  3 wolves (D:9)
  A centaur (D:11)
  A big kobold (shapeshifter) (Depths:3)
  A big kobold (D:15)
  A scorpion (D:14)
  6 killer bees (D:10)
  4 wights (D:11)
  A quasit (D:11)
  A hound (D:11)
  7 orc priests (Orc:2)
  A bullfrog skeleton (D:11)
  2 orc wizards
  A worker ant (D:14)
  3 gnolls (Orc:2)
  A white imp (D:9)
  A leopard gecko (D:11)
  12 orcs
  5 kobolds (D:15)
246 creatures vanquished.

Vanquished Creatures (others)
  2 draconian scorchers (Zot:5)
  A draconian shifter (Zot:3)
  2 draconian stormcallers
  A green draconian (Zot:5)
  A black draconian (Zot:2)
  A purple draconian (Zot:5)
  A yellow draconian (Zot:5)
  A deep elf demonologist (Elf:3)
  A red draconian (Zot:5)
  2 spark wasps
  A deep troll earth mage (Depths:2)
  A hell hog (Depths:1)
  A shadow wraith (Vaults:2)
  A deep troll (Depths:2)
  A deep elf archer (Elf:2)
  A deep elf mage (Vaults:4)
  A yaktaur (Vaults:3)
  A hellwing (Depths:3)
  A merfolk (Shoals:3)
  2 humans (D:13)
  A tengu (Lair:1)
  2 centaurs (Vaults:4)
  A worker ant (D:13)
  A white imp (IceCv)
  An ufetubus (IceCv)
  3 orcs (D:13)
  84 fungi
  237 plants
  12 withered plants (D:15)
366 creatures vanquished.

Grand Total: 2825 creatures vanquished

Notes
Turn   | Place    | Note
-------+----------+-------------------------------------------
     0 | D:1      | dolemite99 the Troll Transmuter began the quest for the
                  | Orb.
     0 | D:1      | Reached XP level 1. HP: 18/18 MP: 1/1
   213 | D:1      | Reached XP level 2. HP: 19/26 MP: 2/2
   852 | D:1      | Reached skill level 4 in Unarmed Combat
   958 | D:2      | Reached XP level 3. HP: 29/32 MP: 3/3
  1426 | D:3      | Reached XP level 4. HP: 40/40 MP: 4/4
  1438 | D:3      | Reached skill level 5 in Unarmed Combat
  1780 | D:3      | Reached XP level 5. HP: 46/46 MP: 5/5
  1891 | D:3      | Reached skill level 6 in Unarmed Combat
  2658 | D:3      | Found a faded altar of an unknown god.
  2661 | D:3      | Became a worshipper of Nemelex Xobeh the Trickster
  2661 | D:3      | Reached * piety under Nemelex Xobeh
  2945 | D:4      | Reached XP level 6. HP: 30/54 MP: 6/6
  3011 | D:4      | Found a staircase to the Ecumenical Temple.
  3043 | D:4      | Received a gift from Nemelex Xobeh
  3144 | D:4      | Found a shimmering blue altar of Sif Muna.
  3215 | D:4      | Reached skill level 7 in Unarmed Combat
  3283 | D:4      | Found a basalt altar of Yredelemnul.
  3364 | D:4      | Found a stormy altar of Qazlal.
  3364 | D:4      | Found a shadowy altar of Dithmenos.
  3448 | D:4      | Found a sparkling altar of Nemelex Xobeh.
  3450 | D:4      | Found a snail-covered altar of Cheibriados.
  3633 | D:4      | Found a bloodstained altar of Trog.
  3853 | D:5      | Entered Level 5 of the Dungeon
  3853 | D:5      | Noticed a sky beast
  3858 | D:5      | Killed a sky beast
  3859 | D:5      | Reached skill level 8 in Unarmed Combat
  3859 | D:5      | Reached XP level 7. HP: 61/61 MP: 7/7
  3865 | D:5      | Noticed Sigmund
  3883 | D:5      | Killed Sigmund
  4102 | D:5      | Reached skill level 9 in Unarmed Combat
  4165 | D:5      | Reached ** piety under Nemelex Xobeh
  4379 | D:5      | Noticed a yak
  4379 | D:5      | Noticed a yak
  4379 | D:5      | Noticed a yak
  4393 | D:5      | Killed a yak
  4412 | D:4      | Killed a yak
  4413 | D:4      | Reached XP level 8. HP: 59/68 MP: 8/8
  4642 | Temple   | Entered the Ecumenical Temple
  4697 | Temple   | Learned a level 1 spell: Corona
  4699 | Temple   | Learned a level 1 spell: Beastly Appendage
  4823 | D:5      | Noticed Duvessa
  4823 | D:5      | Noticed Dowan
  4839 | D:5      | Killed Duvessa
  4844 | D:5      | Killed Dowan
  5070 | D:5      | Found a hazy altar of Hepliaklqana.
  5095 | D:5      | Noticed Eustachio
  5112 | D:5      | Killed Eustachio
  6037 | D:6      | Reached skill level 1 in Fighting
  6087 | D:6      | Reached *** piety under Nemelex Xobeh
  6148 | D:6      | Found a radiant altar of Vehumet.
  6187 | D:6      | Received a gift from Nemelex Xobeh
  6449 | D:6      | Found a glowing drain.
  6498 | Sewer    | Entered a sewer
  6727 | Sewer    | Reached XP level 9. HP: 80/83 MP: 9/9
  7203 | D:6      | Reached skill level 5 in Fighting
  7383 | D:6      | Noticed Grinder
  7394 | D:6      | Killed Grinder
  7923 | D:7      | Reached **** piety under Nemelex Xobeh
  7923 | D:7      | Received a gift from Nemelex Xobeh
  8002 | D:7      | Reached skill level 1 in Invocations
  9239 | D:8      | Reached XP level 10. HP: 98/98 MP: 12/12
  9436 | D:8      | Reached skill level 5 in Invocations
  9453 | D:8      | Found a staircase to the Lair.
  9640 | D:8      | Received a gift from Nemelex Xobeh
  9837 | D:9      | Found a burning altar of Makhleb.
  9837 | D:9      | Noticed a balrug
  9845 | D:9      | Noticed Joseph
  9850 | D:9      | Killed Joseph
 10482 | D:9      | Found a staircase to the Orcish Mines.
 10731 | D:9      | Learned a level 2 spell: Swiftness
 11048 | D:9      | Found a shimmering altar of Xom.
 11626 | D:9      | Noticed Grum
 11647 | D:9      | Killed Grum
 11674 | D:9      | Found a hide-covered altar of Uskayaw.
 12128 | Lair:1   | Entered Level 1 of the Lair of Beasts
 12166 | Lair:1   | Reached XP level 11. HP: 105/105 MP: 17/17
 12205 | Lair:1   | Received a gift from Nemelex Xobeh
 12261 | Lair:1   | Reached ***** piety under Nemelex Xobeh
 12364 | Lair:1   | Reached skill level 1 in Evocations
 12547 | Lair:1   | Received a gift from Nemelex Xobeh
 13123 | Lair:2   | Reached skill level 5 in Evocations
 13167 | Lair:2   | Received a gift from Nemelex Xobeh
 13641 | Lair:2   | HP: 5/105 [poisoned by a black mamba]
 13646 | Lair:2   | HP: 4/105 [poisoned by a black mamba]
 13651 | Lair:2   | HP: 3/105 [poisoned by a black mamba]
 14211 | Lair:3   | Reached skill level 10 in Unarmed Combat
 14267 | Lair:3   | Received a gift from Nemelex Xobeh
 14336 | Lair:3   | Reached XP level 12. HP: 110/115 MP: 18/18
 14355 | Lair:3   | Learned a level 4 spell: Ice Form
 14413 | Lair:3   | Reached skill level 1 in Ice Magic
 14707 | Lair:3   | Found a hole to the Spider Nest.
 15909 | Lair:4   | Noticed a five-headed hydra
 15912 | Lair:4   | Noticed a death yak
 15920 | Lair:4   | Killed a five-headed hydra
 15933 | Lair:4   | Killed a death yak
 15957 | Lair:4   | Reached skill level 5 in Ice Magic
 16212 | Lair:4   | Noticed a catoblepas
 16219 | Lair:4   | Killed a catoblepas
 16247 | Lair:4   | Received a gift from Nemelex Xobeh
 16424 | Lair:4   | Found a staircase to the Shoals.
 16824 | Lair:4   | Found the +9 scales of the Dragon King {rPois rF+ rC+
                  | Will+}
 16951 | Lair:4   | Received a gift from Nemelex Xobeh
 17027 | Lair:4   | Reached skill level 1 in Armour
 17324 | Lair:4   | Reached ****** piety under Nemelex Xobeh
 17601 | Lair:5   | Found a staircase to the Slime Pits.
 17661 | Lair:5   | Noticed a six-headed hydra
 17671 | Lair:5   | Killed a six-headed hydra
 17775 | Lair:5   | Received a gift from Nemelex Xobeh
 17832 | Lair:5   | Got an ichor-stained leather armour
 17967 | Lair:5   | Received a gift from Nemelex Xobeh
 18314 | Lair:6   | Entered Level 6 of the Lair of Beasts
 18316 | Lair:6   | Reached skill level 5 in Armour
 18333 | Lair:5   | Reached XP level 13. HP: 117/123 MP: 9/19
 21094 | D:8      | Upgraded the game from 0.26-a0-1139-g7d2dc893a1 to
                  | 0.26-a0-1147-g3780a7a11b
 21163 | D:10     | Entered Level 10 of the Dungeon
 21288 | D:10     | Received a gift from Nemelex Xobeh
 21409 | D:10     | Found Ibbed's General Store.
 21415 | D:10     | Bought a scroll of holy word for 112 gold pieces
 21415 | D:10     | Bought a potion of invisibility for 120 gold pieces
 21415 | D:10     | Bought 3 javelins for 36 gold pieces
 21415 | D:10     | Bought a potion of berserk rage for 75 gold pieces
 21435 | D:10     | Bought a scroll of identify for 30 gold pieces
 21435 | D:10     | Bought a scroll of identify for 30 gold pieces
 21435 | D:10     | Bought a scroll of holy word for 112 gold pieces
 21654 | D:10     | Received a gift from Nemelex Xobeh
 21963 | D:10     | Reached skill level 1 in Throwing
 22203 | D:11     | Reached XP level 14. HP: 79/135 MP: 8/20
 22613 | D:11     | Received a gift from Nemelex Xobeh
 22768 | D:11     | Noticed Psyche
 22787 | D:11     | Killed Psyche
 23239 | D:11     | Received a gift from Nemelex Xobeh
 23480 | D:12     | Received a gift from Nemelex Xobeh
 23782 | D:12     | Reached skill level 5 in Throwing
 23975 | D:12     | Received a gift from Nemelex Xobeh
 24242 | D:13     | Found a gate to the Vaults.
 24354 | D:13     | Noticed Nessos
 24366 | D:13     | Killed Nessos
 24430 | D:13     | Noticed Kirke
 24439 | D:13     | Killed Kirke
 24440 | D:13     | Reached skill level 1 in Shields
 24448 | D:13     | Identified the +8 whip "Amedyss" {vorpal, +Fly rN++ Dex+5}
                  | (You found it on level 13 of the Dungeon)
 24724 | D:13     | Received a gift from Nemelex Xobeh
 25278 | Orc:1    | Entered Level 1 of the Orcish Mines
 25485 | Orc:1    | Received a gift from Nemelex Xobeh
 25690 | Orc:2    | Entered Level 2 of the Orcish Mines
 25958 | Orc:2    | Found a staircase to the Elven Halls.
 25995 | Orc:2    | Found Etrod Ceth's Book Shop.
 26024 | Orc:2    | Reached skill level 5 in Shields
 26080 | Orc:2    | Found Iploush's Antique Armour Boutique.
 26337 | Orc:2    | Received a gift from Nemelex Xobeh
 26461 | Orc:2    | Noticed a stone giant
 26476 | Orc:2    | Killed a stone giant
 26481 | Orc:2    | Found Xoimm's Antique Weapon Shoppe.
 26509 | Orc:2    | Found Osiuxol's General Store.
 26756 | Orc:2    | Learned a level 2 spell: Wereblood
 26982 | Orc:2    | Bought a potion of might for 56 gold pieces
 26982 | Orc:2    | Bought a scroll of teleportation for 42 gold pieces
 27019 | Orc:2    | Bought a book of Necromancy for 420 gold pieces
 27189 | D:14     | Reached XP level 15. HP: 110/143 MP: 21/21
 27202 | D:14     | Received a gift from Nemelex Xobeh
 27753 | D:14     | You fall into a shaft and drop 1 floor!
 27753 | D:15     | Entered Level 15 of the Dungeon
 27810 | D:15     | HP: 6/143 [enormous slime creature (50)]
 28264 | D:15     | Identified the +6 broad axe of Nez Fyh {vorpal, Dex+2}
 28316 | D:15     | Received a gift from Nemelex Xobeh
 28499 | D:15     | Found a glowing golden altar of the Shining One.
 28996 | D:15     | Found a staircase to the Depths.
 29103 | D:15     | Received a gift from Nemelex Xobeh
 29675 | D:14     | Noticed Snorg
 29690 | D:14     | Killed Snorg
 29729 | D:14     | Identified the +2 long sword "Idiavoc" {pain, rPois rF-
                  | rN+++}
 29752 | D:14     | Reached skill level 10 in Shields
 30400 | D:14     | Noticed Rupert
 30406 | D:14     | Paralysed by Rupert for 7 turns
 30537 | D:14     | Paralysed by Rupert for 3 turns
 30543 | D:14     | Paralysed by Rupert for 3 turns
 30547 | D:14     | Killed Rupert
 30548 | D:14     | Reached skill level 10 in Armour
 31317 | D:13     | Learned a level 1 spell: Animate Skeleton
 31520 | Spider:1 | Entered Level 1 of the Spider Nest
 32247 | Spider:1 | Received a gift from Nemelex Xobeh
 32266 | Spider:1 | Noticed Josephine
 32271 | Spider:1 | Reached XP level 16. HP: 156/156 MP: 22/22
 32291 | Spider:1 | Killed Josephine
 32643 | Spider:1 | Received a gift from Nemelex Xobeh
 33295 | Spider:2 | Reached skill level 10 in Fighting
 33857 | Spider:3 | Noticed Arachne
 33900 | Spider:2 | Killed Arachne
 33901 | Spider:2 | Reached skill level 11 in Unarmed Combat
 34786 | Spider:3 | Noticed Louise
 34795 | Spider:3 | Killed Louise
 34984 | Spider:3 | Identified the cursed +1 falchion of Harmony {holy, Dex+7}
                  | (You found it on level 3 of the Spider Nest)
 35031 | Spider:3 | Received a gift from Nemelex Xobeh
 35205 | Spider:3 | Reached skill level 12 in Unarmed Combat
 35796 | Spider:3 | Received a gift from Nemelex Xobeh
 36073 | Spider:4 | Entered Level 4 of the Spider Nest
 36599 | Spider:4 | Reached skill level 13 in Unarmed Combat
 36854 | Spider:4 | Received a gift from Nemelex Xobeh
 37110 | Spider:4 | Identified the +0 hand axe of Chaos {venom, Str+4}
 37126 | Spider:4 | Reached XP level 17. HP: 166/166 MP: 23/23
 37250 | Spider:4 | Reached skill level 14 in Unarmed Combat
 38323 | Spider:4 | Received a gift from Nemelex Xobeh
 38520 | Spider:4 | Reached skill level 15 in Unarmed Combat
 39181 | Spider:4 | Got a gossamer rune of Zot
 39406 | Shoals:1 | Entered Level 1 of the Shoals
 39783 | Shoals:1 | Found a hide-covered altar of Uskayaw.
 39836 | Shoals:1 | Reached skill level 10 in Invocations
 40034 | Shoals:1 | Received a gift from Nemelex Xobeh
 40598 | Shoals:1 | Identified the ring of the Komtur {*Tele rC+ Str+4 SInv}
                  | (You found it on level 1 of the Shoals)
 40875 | Shoals:2 | Received a gift from Nemelex Xobeh
 41094 | Shoals:2 | Received a gift from Nemelex Xobeh
 41114 | Shoals:2 | Reached skill level 10 in Throwing
 41667 | Shoals:2 | Noticed Ilsuiw
 41691 | Shoals:2 | Killed Ilsuiw
 41912 | Shoals:2 | Reached XP level 18. HP: 160/175 MP: 25/25
 42013 | Shoals:2 | Received a gift from Nemelex Xobeh
 42486 | Shoals:3 | Found a frozen archway.
 42526 | IceCv    | Entered an ice cave
 43657 | IceCv    | Received a gift from Nemelex Xobeh
 43660 | IceCv    | Noticed an Ice Fiend
 43714 | IceCv    | Killed an Ice Fiend
 44243 | IceCv    | Found the +0 mask of the Dragon {Will+ Slay+3 SInv}
 45920 | D:8      | Upgraded the game from 0.26-a0-1147-g3780a7a11b to
                  | 0.26-a0-1164-g1a551d6a14
 46056 | Vaults:1 | Entered Level 1 of the Vaults
 46166 | Vaults:1 | Received a gift from Nemelex Xobeh
 46243 | Vaults:1 | Found Gosee's Book Emporium.
 46279 | Vaults:1 | Found Feusuux's Weapon Shoppe.
 46442 | Vaults:1 | Found Fevoriaf's Assorted Antiques.
 46451 | Vaults:1 | Identified the +3 demon trident "Nunainia" {vorpal, Str+2
                  | Int+4}
 46511 | Vaults:1 | Found Cuobb's Distillery.
 46516 | Vaults:1 | Bought a scroll labelled VIXOCZU TEXESCH for 25 gold pieces
 46516 | Vaults:1 | Bought a blackened tourmaline ring for 125 gold pieces
 46531 | Vaults:1 | Bought a potion of haste for 110 gold pieces
 46531 | Vaults:1 | Bought 2 potions of might for 88 gold pieces
 46531 | Vaults:1 | Bought a potion of curing for 33 gold pieces
 46531 | Vaults:1 | Bought a potion of curing for 33 gold pieces
 46805 | Vaults:1 | Found Girupne's General Store.
 47324 | Vaults:1 | Received a gift from Nemelex Xobeh
 48215 | Vaults:2 | Received a gift from Nemelex Xobeh
 48297 | Vaults:2 | Reached XP level 19. HP: 90/182 MP: 28/28
 48570 | Vaults:2 | Received a gift from Nemelex Xobeh
 48606 | Vaults:2 | Identified the +0 trident "Ejyxkes" {freeze, *Rage rElec
                  | Dex+3}
 49332 | Vaults:2 | Found a staircase to the Crypt.
 49357 | Vaults:2 | Found a huge runed gate.
 49357 | Vaults:2 | Found a huge runed gate.
 49357 | Vaults:2 | Found a huge runed gate.
 49357 | Vaults:2 | Found a huge runed gate.
 49357 | Vaults:2 | Found a huge runed gate.
 49357 | Vaults:2 | Found a huge runed gate.
 49663 | Vaults:2 | Found a huge runed gate.
 49665 | Vaults:2 | Found a huge runed gate.
 49665 | Vaults:2 | Found a huge runed gate.
 49668 | Vaults:2 | Found a huge runed gate.
 49668 | Vaults:2 | Found a huge runed gate.
 49668 | Vaults:2 | Found a huge runed gate.
 49668 | Vaults:2 | Found a huge runed gate.
 49668 | Vaults:2 | Found a huge runed gate.
 49668 | Vaults:2 | Found a huge runed gate.
 49669 | Vaults:2 | Found a huge runed gate.
 49670 | Vaults:2 | Found a huge runed gate.
 49671 | Vaults:2 | Found a huge runed gate.
 49679 | Vaults:2 | Found a huge runed gate.
 49679 | Vaults:2 | Found a huge runed gate.
 49679 | Vaults:2 | Found a huge runed gate.
 49679 | Vaults:2 | Found a huge runed gate.
 49679 | Vaults:2 | Found a huge runed gate.
 49679 | Vaults:2 | Found a huge runed gate.
 49679 | Vaults:2 | Found a huge runed gate.
 49680 | Vaults:2 | Found a huge runed gate.
 49681 | Vaults:2 | Found a huge runed gate.
 49773 | Vaults:2 | Found a huge runed gate.
 49773 | Vaults:2 | Found a huge runed gate.
 49773 | Vaults:2 | Found a huge runed gate.
 49773 | Vaults:2 | Found a huge runed gate.
 49773 | Vaults:2 | Found a huge runed gate.
 49774 | Vaults:2 | Found a huge runed gate.
 49775 | Vaults:2 | Found a huge runed gate.
 49776 | Vaults:2 | Found a huge runed gate.
 49777 | Vaults:2 | Found a huge runed gate.
 49822 | Vaults:2 | Received a gift from Nemelex Xobeh
 50105 | Vaults:3 | Found a flickering gateway to a bazaar.
 50110 | Bazaar   | Entered a bazaar
 50110 | Bazaar   | Found Ydikum's Antique Weapon Shoppe.
 50110 | Bazaar   | Found Amuonkob's Magic Scroll Shoppe.
 50116 | Bazaar   | Found Alael's Distillery.
 50121 | Bazaar   | Found Loanir's Gadget Boutique.
 50129 | Bazaar   | Bought a tin of tremorstones (2/2) for 360 gold pieces
 50135 | Bazaar   | Bought a wand of digging (4) for 144 gold pieces
 50135 | Bazaar   | Bought a wand of digging (7) for 198 gold pieces
 50140 | Bazaar   | Bought 2 potions of might for 128 gold pieces
 50140 | Bazaar   | Bought a potion of brilliance for 64 gold pieces
 50140 | Bazaar   | Bought a potion of brilliance for 64 gold pieces
 50153 | Bazaar   | Bought a potion of curing for 48 gold pieces
 50153 | Bazaar   | Bought a potion of curing for 48 gold pieces
 50153 | Bazaar   | Bought a potion of curing for 48 gold pieces
 50153 | Bazaar   | Bought a potion of curing for 48 gold pieces
 50153 | Bazaar   | Bought a potion of ambrosia for 128 gold pieces
 50153 | Bazaar   | Bought a potion of curing for 48 gold pieces
 50153 | Bazaar   | Bought a potion of flight for 48 gold pieces
 50171 | Bazaar   | Bought a scroll of fear for 49 gold pieces
 50171 | Bazaar   | Bought a scroll of teleportation for 42 gold pieces
 50171 | Bazaar   | Bought a scroll of teleportation for 42 gold pieces
 50171 | Bazaar   | Bought a scroll of teleportation for 42 gold pieces
 50189 | Bazaar   | Found Lomiexu's Book Shop.
 50199 | Bazaar   | Bought a book of Minor Magic for 200 gold pieces
 50204 | Bazaar   | Learned a level 2 spell: Blink
 50244 | Vaults:3 | Noticed Frederick
 50264 | Vaults:3 | Killed Frederick
 50392 | Vaults:3 | Noticed Boris
 50407 | Vaults:3 | Killed Boris
 50625 | Vaults:3 | Received a gift from Nemelex Xobeh
 51074 | Vaults:3 | Received a gift from Nemelex Xobeh
 51169 | Vaults:3 | You fall into a shaft and drop 1 floor!
 51264 | Vaults:3 | Reached XP level 20. HP: 182/198 MP: 29/29
 51562 | Vaults:3 | Noticed Sojobo
 51612 | Vaults:3 | Killed Sojobo
 52245 | Vaults:3 | Received a gift from Nemelex Xobeh
 53435 | Vaults:4 | Received a gift from Nemelex Xobeh
 53615 | Vaults:4 | Reached skill level 1 in Necromancy
 54276 | Vaults:4 | Learned a level 2 spell: Passwall
 54301 | Vaults:4 | Noticed Bai Suzhen
 54322 | Vaults:4 | Killed Bai Suzhen
 55027 | Elf:1    | Entered Level 1 of the Elven Halls
 55039 | Elf:1    | Reached skill level 5 in Necromancy
 55052 | Elf:1    | Found a radiant altar of Vehumet.
 55111 | Elf:1    | Received a gift from Nemelex Xobeh
 56186 | Elf:1    | Identified the Collected Works on Darkness
 56445 | Elf:1    | You fall into a shaft and drop 1 floor!
 56445 | Elf:2    | Received a gift from Nemelex Xobeh
 56824 | Elf:2    | Received a gift from Nemelex Xobeh
 56879 | Elf:2    | Reached XP level 21. HP: 206/206 MP: 30/30
 57320 | Elf:2    | Found a runed translucent gate.
 57320 | Elf:2    | Found a runed translucent gate.
 57321 | Elf:2    | Found a runed translucent gate.
 58325 | Shoals:4 | Entered Level 4 of the Shoals
 58633 | Shoals:4 | Received a gift from Nemelex Xobeh
 58776 | Shoals:4 | Identified the ring "Netziz" {rElec rC+ Str-2 Dex+6 Slay+6}
                  | (You found it on level 4 of the Shoals)
 59328 | Shoals:4 | Reached skill level 5 in Spellcasting
 59601 | Shoals:4 | Found a runed translucent door.
 59601 | Shoals:4 | Noticed sahdkjhfkaj's ghost (adept DrMo)
 59797 | Shoals:4 | Got a barnacled rune of Zot
 60189 | Depths:1 | Entered Level 1 of the Depths
 60223 | Depths:1 | Noticed Boris
 60246 | Depths:1 | Killed Boris
 60344 | Depths:1 | Found Conu's Antique Weapon Emporium.
 60344 | Depths:1 | Found Miuhih's Assorted Antiques.
 60345 | Depths:1 | Found Oxzealu Amm's Distillery.
 60347 | Depths:1 | Found Sihu's Magic Scroll Shoppe.
 60359 | Depths:1 | Bought a scroll of holy word for 262 gold pieces
 60359 | Depths:1 | Bought a brass wand for 140 gold pieces
 60359 | Depths:1 | Bought a potion of curing for 105 gold pieces
 60359 | Depths:1 | Bought a scroll of magic mapping for 122 gold pieces
 60359 | Depths:1 | Received a gift from Nemelex Xobeh
 60535 | Depths:1 | Found a gateway to Hell.
 60901 | Depths:1 | Found a hazy altar of Hepliaklqana.
 61001 | Depths:1 | Identified the Catalogue of Shape Shifting
 61047 | Depths:1 | Found a gateway to a ziggurat.
 61210 | Depths:2 | Received a gift from Nemelex Xobeh
 61359 | Depths:2 | Found a one-way gate to the infinite horrors of the Abyss.
 61385 | Depths:2 | Reached skill level 10 in Necromancy
 61814 | Depths:2 | Received a gift from Nemelex Xobeh
 61849 | Depths:2 | Found a transporter.
 61851 | Depths:2 | Found a transporter.
 61854 | Depths:2 | Found a bloodstained altar of Trog.
 61854 | Depths:2 | Identified the +9 rapier of Valour {vorpal, Will+ Int+4}
 61854 | Depths:2 | Identified the +8 rapier "Heirir" {antimagic, MP+9}
 61860 | Depths:2 | Noticed Latzuirhuv's ghost (adept HaHu)
 61860 | Depths:2 | Noticed a juggernaut
 62252 | Depths:2 | Reached skill level 1 in Translocations
 62370 | Depths:2 | Identified the +9 demon whip of the Ancients {antimagic,
                  | *Drain +Inv Dex-2 SInv}
 62613 | Depths:2 | Received a gift from Nemelex Xobeh
 62711 | Depths:3 | Reached XP level 22. HP: 203/214 MP: 31/31
 63535 | Depths:3 | Reached skill level 5 in Translocations
 63593 | Depths:3 | Found a one-way gate leading to the halls of Pandemonium.
 64583 | Depths:4 | Received a gift from Nemelex Xobeh
 64592 | Depths:4 | Found a flickering gateway to a bazaar.
 64599 | Depths:4 | Noticed Boris
 64610 | Bazaar   | Entered a bazaar
 64650 | Bazaar   | Found Suheyzu's Magic Scroll Shop.
 64656 | Bazaar   | Found Wummel Usic's Gadget Emporium.
 64663 | Bazaar   | Found Alade's Antique Armour Shop.
 64671 | Bazaar   | Found Teaguuh's Antique Armour Shop.
 64687 | Bazaar   | Bought a glowing scarf for 248 gold pieces
 64733 | Bazaar   | Bought a scroll of fear for 45 gold pieces
 64733 | Bazaar   | Bought a scroll of teleportation for 39 gold pieces
 64733 | Bazaar   | Bought a scroll of identify for 26 gold pieces
 64733 | Bazaar   | Bought a scroll of identify for 26 gold pieces
 64733 | Bazaar   | Bought a scroll of identify for 26 gold pieces
 64762 | Depths:4 | Killed Boris
 65052 | Depths:4 | Noticed a golden dragon
 65101 | Depths:4 | Killed a golden dragon
 67238 | Elf:3    | Entered Level 3 of the Elven Halls
 67334 | Elf:3    | Received a gift from Nemelex Xobeh
 67663 | Elf:3    | Gained mutation: You are weak. (Str -2) [a neqoxec]
 68020 | Elf:3    | Received a gift from Nemelex Xobeh
 68411 | Elf:3    | Reached XP level 23. HP: 222/222 MP: 32/32
 68529 | Elf:3    | Reached skill level 10 in Evocations
 69275 | Elf:3    | Identified the +0 trident of the Gloaming {holy, *Slow +Inv
                  | Int+7 Dex+3}
 69279 | Elf:3    | Identified the +2 long sword of Immorality {venom, +Rage
                  | rC+}
 69701 | Elf:3    | Identified the +3 kite shield "Toytysk" {*Slow rF++ Dex+4}
 69701 | Elf:3    | Noticed Asterion
 69721 | Elf:3    | Killed Asterion
 69799 | Elf:3    | Identified the ring of Veffaoduu {rF- Slay+5 SInv}
 69923 | Elf:3    | Identified the Tome of Unstable Companions
 69929 | Elf:3    | Identified Zaivoale's Disquisition on Enthralling Lightness
 69936 | Elf:3    | Identified the +0 cloak of the Equator {*Contam Harm rPois
                  | Dex+3} (You found it on level 3 of the Elven Halls)
 69940 | Elf:3    | Identified the cursed +2 short sword "Vopep" {vorpal, rPois
                  | rF+ rC+ Dex+4} (You found it on level 3 of the Elven Halls)
 69945 | Elf:3    | Identified Wuhit's Almanac of Moulding
 70577 | Depths:5 | Entered Level 5 of the Depths
 70616 | Depths:5 | Noticed the Enchantress
 70639 | Depths:5 | Killed the Enchantress
 71034 | Depths:5 | Found a gate to the Realm of Zot.
 71191 | Depths:5 | Identified the amulet "Deuqevopn" {RegenMP rC+}
 71192 | Depths:5 | Found a shimmering blue altar of Sif Muna.
 72093 | Depths:5 | Reached skill level 1 in Summonings
 72099 | Depths:5 | Received a gift from Nemelex Xobeh
 72125 | Depths:5 | Noticed Margery
 72141 | Depths:5 | Killed Margery
 72317 | Depths:5 | Reached skill level 5 in Summonings
 72411 | Depths:5 | Received a gift from Nemelex Xobeh
 72872 | Depths:5 | Found Vimyrr's Jewellery Shop.
 72873 | Depths:5 | Found Suasurewk's Gadget Emporium.
 72874 | Depths:5 | Found Litun's Jewellery Shop.
 72882 | Depths:5 | Bought a wand of acid (8) for 240 gold pieces
 72896 | Depths:5 | Bought an uncursed ring of protection from fire for 400
                  | gold pieces
 72974 | Depths:5 | Learned a level 2 spell: Call Imp
 73707 | Slime:1  | Entered Level 1 of the Pits of Slime
 74469 | Slime:3  | Gained mutation: You are partially covered in rugged brown
                  | scales. (AC +1, +3% HP) [a shining eye]
 74470 | Slime:3  | Gained mutation: You are clumsy. (Dex -2) [a shining eye]
 74473 | Slime:3  | Reached XP level 24. HP: 240/244 MP: 29/32
 74478 | Slime:3  | Gained mutation: Scrolls take you a little longer to read.
                  | [a shining eye]
 74486 | Slime:3  | Gained mutation: You are very clumsy. (Dex -4) [a shining
                  | eye]
 74534 | Slime:3  | Received a gift from Nemelex Xobeh
 75196 | Slime:4  | Learned a level 1 spell: Apportation
 75244 | Slime:5  | Entered Level 5 of the Pits of Slime
 75654 | Slime:5  | Reached skill level 10 in Summonings
 75823 | Slime:5  | Found a viscous altar of Jiyva.
 75824 | Slime:5  | Noticed the Royal Jelly
 75840 | Slime:5  | Killed the Royal Jelly
 76675 | Slime:5  | Identified the Almanac of Ghastly Earth
 76706 | Slime:5  | Got a slimy rune of Zot
 76796 | Slime:3  | Received a gift from Nemelex Xobeh
 77387 | Vaults:1 | Bought a potion of mutation for 88 gold pieces
 77387 | Vaults:1 | Bought a potion of mutation for 88 gold pieces
 77493 | Depths:1 | Bought a potion of might for 72 gold pieces
 77493 | Depths:1 | Bought a potion of invisibility for 144 gold pieces
 77493 | Depths:1 | Bought 2 potions of berserk rage for 180 gold pieces
 77493 | Depths:1 | Bought a potion of haste for 180 gold pieces
 77493 | Depths:1 | Bought a potion of haste for 180 gold pieces
 77493 | Depths:1 | Bought a potion of mutation for 144 gold pieces
 77493 | Depths:1 | Bought a potion of heal wounds for 90 gold pieces
 77583 | Hell     | Entered the Vestibule of Hell
 77583 | Hell     | Noticed Geryon
 79349 | Hell     | Noticed Murray
 79629 | Zot:1    | Entered Level 1 of the Realm of Zot
 79657 | Depths:5 | Lost mutation: You are partially covered in rugged brown
                  | scales. (AC +1, +3% HP) [potion of mutation]
 79657 | Depths:5 | Lost mutation: You are weak. (Str -2) [potion of mutation]
 79657 | Depths:5 | Gained mutation: Armour fits poorly on your strangely
                  | shaped body. [potion of mutation]
 79657 | Depths:5 | Lost mutation: You are very clumsy. (Dex -4) [potion of
                  | mutation]
 79658 | Depths:5 | Lost mutation: Scrolls take you a little longer to read.
                  | [potion of mutation]
 79658 | Depths:5 | Lost mutation: You are clumsy. (Dex -2) [potion of
                  | mutation]
 79658 | Depths:5 | Gained mutation: Your body sometimes deteriorates upon
                  | taking damage. [potion of mutation]
 79658 | Depths:5 | Gained mutation: You occasionally shout uncontrollably at
                  | your foes. [potion of mutation]
 79658 | Depths:5 | Gained mutation: You are strong-willed. (Will+) [potion of
                  | mutation]
 79658 | Depths:5 | Gained mutation: You have large cloven feet. [potion of
                  | mutation]
 79699 | Zot:1    | Gained mutation: You tend to lose your temper in combat.
                  | [mutagenic glow]
 79712 | Zot:1    | Gained mutation: You are frail. (-10% HP) [mutagenic glow]
 79729 | Zot:1    | Gained mutation: Scrolls take you a little longer to read.
                  | [mutagenic glow]
 79815 | Zot:1    | Noticed a Killer Klown
 79846 | Zot:1    | Banished a Killer Klown
 79853 | Zot:1    | Noticed a Killer Klown
 79866 | Zot:1    | Noticed a Killer Klown
 79923 | Zot:1    | Killed a Killer Klown
 79926 | Zot:1    | Killed a Killer Klown
 80188 | Zot:1    | Noticed a Killer Klown
 80246 | Zot:1    | Killed a Killer Klown
 80382 | Zot:1    | Received a gift from Nemelex Xobeh
 80799 | Zot:1    | Reached skill level 16 in Unarmed Combat
 81007 | Zot:1    | Noticed a Killer Klown
 81017 | Zot:1    | Killed a Killer Klown
 81429 | Zot:1    | Received a gift from Nemelex Xobeh
 81479 | Zot:1    | Noticed an orb of fire
 81485 | Zot:1    | Gained mutation: Potions are less effective at restoring
                  | your health. [an orb of fire]
 81485 | Zot:1    | Gained mutation: Your spells are a little harder to cast,
                  | but a little more powerful. [an orb of fire]
 81507 | Zot:1    | Gained mutation: Your magical capacity is low. (-10% MP)
                  | [an orb of fire]
 81513 | Zot:1    | Killed an orb of fire
 81514 | Zot:1    | Reached XP level 25. HP: 45/224 MP: 30/30
 82036 | Zot:1    | Lost mutation: You have large cloven feet. [potion of
                  | mutation]
 82036 | Zot:1    | Lost mutation: Your body sometimes deteriorates upon taking
                  | damage. [potion of mutation]
 82036 | Zot:1    | Gained mutation: You often lose your temper in combat.
                  | [potion of mutation]
 82036 | Zot:1    | Gained mutation: You expend magic power (3 MP) to
                  | strengthen your wands. [potion of mutation]
 82037 | Zot:1    | Lost mutation: You are frail. (-10% HP) [potion of
                  | mutation]
 82037 | Zot:1    | Lost mutation: Armour fits poorly on your strangely shaped
                  | body. [potion of mutation]
 82037 | Zot:1    | Lost mutation: You expend magic power (3 MP) to strengthen
                  | your wands. [potion of mutation]
 82037 | Zot:1    | Lost mutation: Potions are less effective at restoring your
                  | health. [potion of mutation]
 82037 | Zot:1    | Gained mutation: You are partially covered in large bone
                  | plates. (SH +4) [potion of mutation]
 82038 | Zot:1    | Lost mutation: You are strong-willed. (Will+) [potion of
                  | mutation]
 82038 | Zot:1    | Lost mutation: You often lose your temper in combat.
                  | [potion of mutation]
 82038 | Zot:1    | Lost mutation: Scrolls take you a little longer to read.
                  | [potion of mutation]
 82038 | Zot:1    | Gained mutation: You are strong-willed. (Will+) [potion of
                  | mutation]
 82038 | Zot:1    | Gained mutation: You are agile. (Dex +2) [potion of
                  | mutation]
 82038 | Zot:1    | Gained mutation: You have large cloven feet. [potion of
                  | mutation]
 82039 | Zot:1    | Lost mutation: You tend to lose your temper in combat.
                  | [potion of mutation]
 82039 | Zot:1    | Lost mutation: You are agile. (Dex +2) [potion of mutation]
 82039 | Zot:1    | Lost mutation: You have large cloven feet. [potion of
                  | mutation]
 82039 | Zot:1    | Lost mutation: Your spells are a little harder to cast, but
                  | a little more powerful. [potion of mutation]
 82039 | Zot:1    | Gained mutation: You have a pair of small horns on your
                  | head. [potion of mutation]
 82039 | Zot:1    | Gained mutation: You are somewhat resistant to further
                  | mutation. [potion of mutation]
 82239 | Zot:1    | Received a gift from Nemelex Xobeh
 82434 | Zot:2    | Reached skill level 17 in Unarmed Combat
 83854 | Zot:2    | Reached skill level 18 in Unarmed Combat
 85112 | Zot:3    | Received a gift from Nemelex Xobeh
 85226 | Zot:3    | Noticed an orb of fire
 85264 | Zot:3    | Killed an orb of fire
 85286 | Zot:3    | Noticed an orb of fire
 85289 | Zot:3    | Reached skill level 19 in Unarmed Combat
 85312 | Zot:3    | Killed an orb of fire
 85752 | Zot:3    | Noticed an orb of fire
 85771 | Zot:3    | Gained mutation: Your spells are a little easier to cast,
                  | but a little less powerful. [an orb of fire]
 85787 | Zot:3    | Killed an orb of fire
 85905 | Zot:3    | You fall into a shaft and drop 1 floor!
 85959 | Zot:4    | Reached skill level 20 in Unarmed Combat
 86357 | Zot:4    | Received a gift from Nemelex Xobeh
 87556 | Zot:3    | Received a gift from Nemelex Xobeh
 87595 | Zot:3    | Reached XP level 26. HP: 204/258 MP: 30/30
 87828 | Zot:3    | Reached skill level 21 in Unarmed Combat
 87901 | Zot:5    | Entered Level 5 of the Realm of Zot
 87923 | Zot:5    | Gained mutation: You are weak. (Str -2) [mutagenic glow]
 87939 | Zot:5    | Gained mutation: You are frail. (-10% HP) [mutagenic glow]
 88526 | Zot:5    | Received a gift from Nemelex Xobeh
 88883 | Zot:5    | Noticed an orb of fire
 89186 | Zot:5    | Gained mutation: Armour fits poorly on your strangely
                  | shaped body. [an orb of fire]
 89190 | Zot:5    | Killed an orb of fire
 89683 | Zot:5    | Reached skill level 15 in Fighting
 89696 | Zot:5    | Received a gift from Nemelex Xobeh
 89960 | Zot:5    | Noticed an ancient lich
 89974 | Zot:5    | Killed an ancient lich
 90007 | Zot:5    | Noticed an orb of fire
 90021 | Zot:5    | Killed an orb of fire
 90386 | Zot:5    | Noticed an ancient lich
 90412 | Zot:5    | Killed from afar by an ancient lich

Illustrated notes

Levels and vault maps discovered:
D:1:      zaba_arrival_water, layout_basic, hangedman_decor_clover_reticule
D:2:      layout_rooms
D:3:      layout_basic, chequers_ecumenical_altar_grove
D:4:      layout_loops_ring, led_sif_pool, gammafunk_temple_overflow_elements,
          kennysheep_mini, lemuel_coloured_pillars_altar,
          nicolae_overflow_hidden_temple, minmay_temple_entry_junction_2
D:5:      layout_loops_corners, general_overflow_altar, uniq_duvessa,
          uniq_eustachio, uniq_sigmund
D:6:      layout_basic, overflow_temple_1_default, gup_sewer_entry_bowl,
          uniq_grinder
D:7:      layout_rooms, kennysheep_boxes
D:8:      layout_loops_ring, david_lair_shrubbed
D:9:      layout_basic, makhleb_altar_promises_db,
          eat_drink_and_be_merry_uskayaw, marbit_many_paths, zombieorc2_lemuel,
          introduction_to_nature_2, uniq_joseph, uniq_grum
D:10:     layout_cave_pods, serial_shops,
          nicolae_shop_temple_entry_statues_fountains
D:11:     layout_irregular_city, nooodl_orcs_dogs, uniq_psyche
D:12:     layout_irregular_city, evilmike_minifort
D:13:     layout_loops_ring, erik_vaults_2, enter_bailey_5, uniq_kirke,
          uniq_nessos
D:14:     four-leaf_vault, layout_cave_pools, roderic_roman_lattice, uniq_snorg,
          uniq_rupert
D:15:     gammafunk_depths_entry_grave, layout_basic, nicolae_twisting_strands,
          serial_aquarium, aquarium_bridge_straight [aquarium_subvault_bridge,
          aquarium_subvault_wall, aquarium_subvault_bridge,
          aquarium_subvault_balcony], aquarium_bridge_square
          [aquarium_subvault_bridge, aquarium_subvault_wall,
          aquarium_subvault_wall, aquarium_subvault_bridge], aquarium_window_2,
          aquarium_window_1, aquarium_view_2b, aquarium_balcony_3b,
          aquarium_pool_2, gauntlet_entry_generic, tso_altar
Temple:   eino_wide_crystal_templ
Lair:1:   layout_hall_layers, grunt_megastairs_3
Lair:2:   layout_big_grid, infiniplex_staircase_pool
Lair:3:   beast_lair_carwin_large_1, layout_cave_pods, dummy_spider_entry
Lair:4:   layout_concentric_octagons, minmay_shoals_entry_centaurs,
          nicolae_lair_yak_garden
Lair:5:   layout_roguey, slime_dummy
Lair:6:   hangedman_lair_tendril_chambers, layout_loops_ring,
          minmay_lair_oklob_chamber
Shoals:1: layout_shoals, regret_index_shoals_crete
Shoals:2: layout_shoals, uniq_ilsuiw
Shoals:3: layout_shoals, portal_ice_cave_entry_frozen_things
Shoals:4: shoals_end_hangedman, layout_shoals, gammafunk_ghost_grave,
          nzn_prometheus_bound
Spider:1: layout_spider_delve, uniq_josephine
Spider:2: layout_spider_delve
Spider:3: layout_chambers, uniq_arachne, uniq_louise
Spider:4: floodkiller_spider_rune_tomb
Slime:1:  layout_caves
Slime:2:  layout_caves, uniq_dissolution
Slime:3:  layout_caves
Slime:4:  cheibrodos_slime_lost_civilization_10, layout_caves
Slime:5
Orc:1:    layout_caves
Orc:2:    grunt_orc_gardens, layout_diamond_mine, grunt_orc_garden,
          grunt_orc_garden, grunt_orc_garden, grunt_orc_garden,
          nicolae_orc_stony_grotto
Elf:1:    eino_elf_arrival_altar, layout_loops_corners, serial_shops,
          nicolae_shop_behind_doors, minmay_elf_necromancy, grunt_ministairs_11,
          hangedman_elf_simple_split
Elf:2:    layout_geoelf_octagon
Elf:3:    minmay_elf_hall_hex, layout_geoelf_castle, minivault_25, uniq_asterion
Vaults:1: nicolae_vaults_circle_grid_a, nicolae_vaults_yaktaur_gun_rack,
          ontoclasm_vaults_hangar, v_misc_25, ontoclasm_vaults_ligature,
          vaults_mumra_hexcomb, v_pattern_3, vaults_room_door_hall,
          vaults_room_fours, vaults_mumra_minichess, v_misc_19,
          vaults_mumra_bighexcomb, layout_vaults_big_room, serial_shops,
          nicolae_shop_trees, shop, nicolae_shop_behind_doors, shop,
          nicolae_shop_window_shopping
Vaults:2: vaults_door_vault, ontoclasm_vaults_eye,
          minmay_crypt_entry_skeletal_spiral, v_alt_pattern_3,
          nicolae_vaults_little_squares_1, grunt_vaults_funnel,
          hangedman_vaults_snaps, v_misc_28, vaults_room_fancy_cross,
          ontoclasm_vaults_ring_small, v_misc_24, v_alt_pattern_6,
          nicolae_vaults_diagonal_hallway_8, vaults_mumra_lcd,
          vaults_dpeg_encased_lava, layout_vaults_maze_bifur
Vaults:3: v_pattern_2, ontoclasm_vaults_twist, v_misc_27,
          ontoclasm_vaults_ring_small, hangedman_vaults_stretched_pinwheel,
          nicolae_vaults_little_squares_5, nicolae_vaults_mini_display_case,
          vaults_room_corners, layout_vaults_omnigrid, serial_shops,
          bzr_entry_road, uniq_frederick, uniq_boris, uniq_sojobo
Vaults:4: hangedman_vaults_pinch, nicolae_vaults_border_crossing,
          vaults_room_grid, grunt_vaults_hallway_short, ontoclasm_vaults_chip,
          v_misc_13, ontoclasm_vaults_decontamination, st_lines,
          nicolae_vaults_specimen_jars, hangedman_vaults_impose,
          layout_vaults_omnibox, mu_enter_wizlab_1, uniq_bai_suzhen
Depths:1: layout_honeycomb, enter_ziggurat_f, grunt_hell_horde,
          lemuel_statue_altar, minmay_fractal_squares_diagonal_5,
          minmay_shoptagon
Depths:2: minmay_mutant_horseshoe, layout_basic,
          gammafunk_ghost_wrathful_warriors, hangedman_decor_riveting,
          hangedman_abyss_entry_splay, pf_vacation_house_of_asmodeus,
          lemuel_another_geyser, infiniplex_staircase_squiggle
Depths:3: ragdoll_tomb_raider, layout_cave_pools, minmay_misc_feat_columns,
          hellmouth_1, pan_entry, infiniplex_staircase_pillars_2
Depths:4: wad_cavern_with_rooms, layout_gridlike, hangedman_tar_grid_catacomb,
          dk_noncrumbling_3, serial_shops, bzr_entry_gold, abyss_entry,
          serial_bayou_pond_b
Depths:5: grunt_zot_entry_alcove, layout_gridlike, hangedman_coc_ice_floe,
          abyss_entry_crystal, grunt_decor_arrowhead, hangedman_summoners_spam,
          minmay_shop_grove, uniq_enchantress, uniq_margery
Hell
Zot:1:    circus_mu, layout_misc_corridors
Zot:2:    layout_misc_corridors, grunt_ministairs_14
Zot:3:    kennysheep_bubbly, layout_basic
Zot:4:    layout_basic
Zot:5:    layout_misc_corridors, hangedman_zot_decor_unnerving_road, drop_trap

Skill      XL: |  1  2  3  4  5  6  7  8  9 10 11 12 13 14 15 16 17 18 19 20 21 22 23 24 25 26 |
---------------+-------------------------------------------------------------------------------+-----
Unarmed Combat | 4 5 6 8 9 10 13 15 16 20 21 | 21.4
Transmutations | 4 |  4.6
Fighting       | 3 6 7 9 10 12 13 14 15 | 15.6
Invocations    | 4 9 11 14 | 14.6
Dodging        | 2 |  2.6
Evocations     | 7 9 11 | 11.3
Ice Magic      | 6 8 |  8.2
Armour         | 5 9 10 12 | 12.0
Throwing       | 2 7 10 11 12 | 12.0
Shields        | 7 10 11 12 | 12.0
Necromancy     | 7 11 | 11.0
Spellcasting   | 6 8 |  8.0
Translocations | 1 9 |  9.0
Summonings     | 8 10 | 10.9

Action                   |  1- 3 |  4- 6 |  7- 9 | 10-12 | 13-15 | 16-18 | 19-21 | 22-24 | 25-27 || total
-------------------------+-------+-------+-------+-------+-------+-------+-------+-------+-------++-------
Melee: Unarmed           |   101 |   147 |   303 |   447 |  1347 |  1251 |   923 |  1135 |   416 ||  6070
       Punch             |     4 |     3 |    14 |    22 |    26 |       |       |       |       ||    69
       Headbutt          |       |       |    21 |    38 |     1 |       |       |       |   114 ||   174
       Kick              |       |       |    25 |    55 |     1 |       |       |    86 |     4 ||   171
 Fire: Shortbow          |       |       |    34 |    33 |       |       |       |       |       ||    67
Throw: Stone             |       |       |   101 |    62 |       |       |       |       |       ||   163
       Dart              |       |       |    10 |    48 |   172 |    19 |       |       |       ||   249
       Javelin           |       |       |       |     7 |   158 |       |       |       |       ||   165
       Large rock        |       |       |       |       |   158 |   492 |   556 |   448 |   179 ||  1833
 Cast: Beastly Appendage |       |       |    27 |    34 |     1 |       |       |       |       ||    62
       Corona            |       |       |       |     1 |       |       |       |       |       ||     1
       Animate Skeleton  |       |       |       |       |       |       |    26 |    39 |     7 ||    72
       Call Imp          |       |       |       |       |       |       |       |    36 |     3 ||    39
       Apportation       |       |       |       |       |       |       |       |    18 |     7 ||    25
       Blink             |       |       |       |       |       |       |       |     1 |       ||     1
Invok: Draw Destruction  |       |       |       |    65 |     7 |    13 |     2 |     7 |       ||    94
       Draw Summoning    |       |       |       |     4 |    23 |    18 |    22 |    19 |     8 ||    94
       Draw Escape       |       |       |       |     2 |    11 |    10 |     2 |    12 |    14 ||    51
       Deal Four         |       |       |       |       |     2 |     7 |     2 |     1 |       ||    12
       Triple Draw       |       |       |       |       |       |     1 |       |       |       ||     1
Evoke: Wand              |       |       |     8 |    50 |    61 |    22 |     5 |    41 |    12 ||   199
       Condenser vane    |       |       |       |     1 |     7 |     9 |     9 |    11 |     4 ||    41
       Box of beasts     |       |       |       |       |     4 |     8 |     4 |     5 |     2 ||    23
       Lightning rod     |       |       |       |       |    16 |    27 |    40 |    37 |    18 ||   138
       Phantom mirror    |       |       |       |       |     3 |     6 |     3 |     3 |     1 ||    16
       Phial of floods   |       |       |       |       |     2 |     7 |     4 |     5 |     3 ||    21
       Tin of tremorston |       |       |       |       |       |       |    14 |    18 |     7 ||    39
  Use: Scroll            |     1 |       |    16 |    15 |    13 |    12 |    13 |    14 |     7 ||    91
       Potion            |       |       |     2 |       |     6 |    21 |     4 |    19 |    12 ||    64
 Stab: Petrified         |       |       |       |     2 |       |       |     1 |       |       ||     3
       Paralysed         |       |       |       |       |    13 |    11 |     1 |       |     2 ||    27
       Distracted        |       |       |       |       |     1 |     2 |     2 |     5 |     2 ||    12
       Confused          |       |       |       |       |       |     4 |     1 |       |       ||     5
       Invisible         |       |       |       |       |       |       |     1 |     1 |     3 ||     5
       Petrifying        |       |       |       |       |       |       |     1 |       |       ||     1
Armor: Robe              |    47 |    53 |    92 |    39 |       |       |       |       |       ||   231
       Troll leather arm |       |       |       |    93 |       |       |       |       |       ||    93
       Gold dragon scale |       |       |       |    71 |  1166 |  1284 |   480 |   819 |   245 ||  4065
Dodge: Dodged            |    57 |    55 |   172 |   241 |   421 |   198 |    80 |   127 |    31 ||  1382
Block: Tower shield      |       |       |       |       |   765 |  1708 |   854 |  1170 |   385 ||  4882
       Kite shield       |       |       |       |       |       |       |       |    17 |       ||    17

Table legend: (Time is in decaauts)
 A = Elapsed time spent in this place.
 B = Non-inter-level travel time spent in this place.
 C = Inter-level travel time spent in this place.
 D = Time resting spent in this place.
 E = Time spent auto-exploring this place.
 F = Levels seen in this place.
 G = Mean time per level.
                   A        B        C        D        E       F      G
               +--------+--------+--------+--------+--------+-----+--------+
         Total |  91093 |  84534 |   6559 |  31667 |  31297 |  59 | 1543.9 |
       Dungeon |  21317 |  18884 |   2433 |   5549 |   8437 |  15 | 1421.1 |
        Temple |     67 |     57 |     10 |      3 |     42 |   1 |   67.0 |
          Lair |  10234 |   9303 |    931 |   3677 |   3549 |   6 | 1705.7 |
        Shoals |   6726 |   6231 |    495 |   1911 |   2286 |   4 | 1681.5 |
   Spider Nest |   7655 |   7381 |    274 |   2888 |   2386 |   4 | 1913.8 |
    Slime Pits |   2842 |   2793 |     49 |   1605 |    374 |   5 |  568.4 |
  Orcish Mines |   1937 |   1686 |    251 |    186 |    967 |   2 |  968.5 |
   Elven Halls |   6348 |   5885 |    463 |   2603 |   1966 |   3 | 2116.0 |
        Vaults |   9066 |   8515 |    551 |   2453 |   3876 |   4 | 2266.5 |
        Depths |  11695 |  10830 |    865 |   4324 |   3847 |   5 | 2339.0 |
          Hell |     53 |     53 |      0 |      0 |      0 |   1 |   53.0 |
           Zot |  10127 |   9894 |    233 |   5180 |   2835 |   5 | 2025.4 |
        Bazaar |    240 |    240 |      0 |      0 |    112 |   2 |  120.0 |
         Sewer |    875 |    875 |      0 |      2 |    554 |   1 |  875.0 |
      Ice Cave |   1905 |   1905 |      0 |   1284 |     64 |   1 | 1905.0 |
               +--------+--------+--------+--------+--------+-----+--------+

Top non-repeatable levels by time:
Depths:3: 3679 daAuts
Spider:4: 3137 daAuts
   Elf:3: 2927 daAuts
     D:9: 2782 daAuts
Depths:5: 2603 daAuts
   Zot:1: 2572 daAuts
Vaults:4: 2459 daAuts
    D:14: 2433 daAuts
   Zot:2: 2429 daAuts
Vaults:3: 2401 daAuts
  Lair:4: 2269 daAuts
  Lair:3: 2248 daAuts
Depths:2: 2220 daAuts
   Zot:5: 2219 daAuts
Vaults:2: 2194 daAuts
